Orko, chaotic female orcish Wizard --------- |.......| |........ --------------------------------- |.......| |................).........?....| |..<..... |.----....-----.----+--..-----..| ---.----- |.| |---.|...+.-..| |..| |..| #### |.| |."|.|._.|.| .| |..| |..| # |.-+-|/.|.|...|.---|----.| |..| ### ##.....|..|.|...|....-...|.-+---..| # # |.{..-+--.----|....| ..|........| ## ### |.....[....-..|+--.-----..-----.| ----.---- # |....-+--..|..| |........+...|.| |........## |.-+-|=(|.----| ||---..+.|..[|.| |.......| |.| |+.|.+.).|--|...----.-----.. |.......| |.| |---.|...|......| +.......| |.......| |.| |....|+=.|..|...| |.......| |.......| |.----....-----/.--------.....{.| |.......| |............oe.......@).....)..| --------- --------------------------------- Orko the Thaumaturge Experience level: 7 Strength: 12 Dexterity: 15 Constitution: 17 Intelligence: 16 Wisdom: 6 Charisma: 7 Health: 0(52) Energy: 12(48) Def: 10 Gold: 117 Moves: 3795 Dungeon seed: OVh-9cB2HZeGDsCm Game ID: Orko_1569400234 Your Inventory: Rings C - an uncursed ring of shock resistance (on left hand) Y - an uncursed ring of teleport control named . (on right hand) Armor h - an uncursed +0 dwarvish iron helm (being worn) n - an uncursed +0 cloak of magic resistance (being worn) u - a blessed +2 leather armor (being worn) z - an uncursed +2 pair of low boots (being worn) Weapons a - an uncursed +0 bardiche (alternate weapon; not wielded) b - a blessed +1 quarterstaff (weapon in hands) c - an uncursed +0 axe f - an uncursed +0 knife q - 5 uncursed +0 daggers (in quiver) x - 13 uncursed +0 darts Wands E - an uncursed wand of locking named ziii (0:3) H - an uncursed wand of fire (0:0) K - an uncursed wand of speed monster (0:4) Comestibles D - an uncursed slice of pizza M - an uncursed food ration N - an uncursed pancake S - an uncursed tripe ration T - an uncursed tripe ration U - an uncursed lichen corpse Tools e - an uncursed wax candle (0:400) j - an uncursed skeleton key o - an uncursed oilskin sack named X p - an uncursed towel Coins $ - 117 gold pieces Contents of the oilskin sack named X: a cursed ring of aggravate monster an uncursed +0 pair of high boots an uncursed +0 pair of leather gloves an uncursed +0 pair of leather gloves a blessed +0 dagger a cursed -1 dart named c an uncursed poisoned +0 dart an uncursed potion of oil an uncursed potion of sickness an uncursed scroll of enchant weapon an uncursed scroll of light 4 uncursed wax candles (0:400) an uncursed amber stone named <# 1 5 an uncursed jade stone named <. 4> an uncursed worthless piece of red glass named <& 7 an uncursed worthless piece of white glass named <^level 6 an uncursed worthless piece of yellow glass named <( 4 13 gold pieces Spells and supernatural/magical abilities: Name Level Category Fail Memory a - force bolt 1 attack 0% 82% E - detect food 2 divination 70% 82% W - pray for help -- divine ? -- Your skills at the end: Fighting Skills Weapon Skills dagger [Basic] quarterstaff [Basic] polearms [Skilled] Spellcasting Skills attack spells [Basic] enchantment spells [Basic] Final Attributes: You were nominally aligned. You were shock resistant. You were poison resistant. You were magic-protected. You were hallucinating. You were telepathic. You had infravision. You had teleport control. You were fast. You are dead. Vanquished creatures: a watch captain a small mimic a large dog a tengu 4 watchmen a quivering blob a leprechaun a giant spider 3 gnome kings an orc mummy a housecat 3 apes a soldier ant 3 gnome lords 2 gnomish wizards 3 floating eyes 6 dwarves a rothe a giant bat an orc zombie an iguana 2 killer bees an acid blob 2 gas spores 2 hobbits a large kobold a giant rat 2 cave spiders a brown mold a yellow mold 18 gnomes 8 garter snakes 4 jackals a fox 3 goblins 6 sewer rats 2 grid bugs a bat 2 lichens 4 newts and a partridge in a pear tree 100 creatures vanquished. Voluntary challenges: You were an atheist. You used a wielded weapon 142 times, starting on turn 24. You read items or engraved 9 times, starting on turn 216. You never genocided any monsters. You never polymorphed an object. You never changed form. You used no wishes. You never split a pudding. You never wrote Elbereth's name. You violated your moral code, losing 101 points of alignment, starting on turn 105. You abstained from Elbereth's help. You werepermanently hallucinating. Dungeon overview: The Dungeons of Doom: levels 1 to 7 Level 1 a fountain, a sink a long staircase Level 2 some fountains Level 3 some fountains Level 4 stairs to The Gnomish Mines Level 5 a fountain, a sink Level 6 an altar to Ptah, some fountains Level 7 The Gnomish Mines: levels 5 to 7 Level 5 stairs to The Dungeons of Doom Level 6 Level 7 <- You were here some shops, a temple to Thoth, some fountains History has recorded: On T:1 you entered the Dungeons of Doom to retrieve the Amulet of Yendor! On T:193 you reached level 2 of The Dungeons of Doom. On T:210 you reached level 3 of The Dungeons of Doom. On T:243 you reached level 4 of The Dungeons of Doom. On T:333 you reached level 5 of The Dungeons of Doom. On T:400 you reached level 1 of The Gnomish Mines. On T:510 you advanced to experience level 2. On T:598 you advanced to experience level 3. On T:1366 you reached level 7 of The Dungeons of Doom. On T:1369 you advanced to experience level 4. On T:1443 you reached level 6 of The Dungeons of Doom. On T:1599 you advanced to experience level 5. On T:2100 you advanced to experience level 6. On T:2135 you reached level 2 of The Gnomish Mines. On T:2640 you reached level 3 of The Gnomish Mines. On T:2810 you advanced to experience level 7. Score breakdown: Gold: 130 ( 7202 points) Experience: 7 levels (13645 points) Exploration: 7 levels ( 14.00%) (10497 points) Discoveries: 10 items ( 3.62%) ( 5710 points) Valuables value: (no points given unless you survive) Artifact value: 0 ( 0 points) Variety of kills: 40 monsters ( 10.50%) ( 9720 points) Turncount: 3795 turns ( -947 points) Survival: died (score multiplied by 80%) Total score: 36661 Latest messages: You are empty handed. a - a bardiche (alternate weapon; not wielded). You are now wielding your quarterstaff. You hear a crunching sound. The black naga hatchling bites! The grue misses. You hit it. The lion-dog bites! The floating eye stings! The black dragon misses. (2x) The spell hits it. (2x) The trapper misses. The Invid misses. The spell misses it. The spell hits it. You kill the barbed devil! The spell misses it. The garter snake bites! The ghoul stings! You die... Final status: Goodbye Orko the Wizard, killed by a hallucinogen-distorted soldier ant... You died in The Gnomish Mines on dungeon level 7 with 36661 points, and 130 pieces of gold, after 3795 moves. You were level 7 with a maximum of 52 hit points when you died.